 Dungeon Crawl Stone Soup version 0.21-a0-94-gdd6ab6a (webtiles) character file.

1427974 GordonOverkill the Intangible (level 27, 171/171 HPs)
             Began as a Deep Elf Fire Elementalist on July 1, 2017.
             Was the Champion of Vehumet.
             Escaped with the Orb
             ... and 3 runes on July 2, 2017!
             The game lasted 07:01:09 (102612 turns).

GordonOverkill the Intangible (DEFE)              Turns: 102612, Time: 07:01:09

Health: 171/171    AC: 26    Str:  5      XL:     27
Magic:  64/65      EV: 40    Int: 34 (36) God:    Vehumet [******]
Gold:   526        SH: 15    Dex: 19      Spells: 14/68 levels left

rFire    + + +     SeeInvis +   e - staff of power
rCold    + . .     Gourm    +   a - +2 shield {rC+}
rNeg     + + .     Faith    .   T - +5 steam dragon scales
rPois    +         Spirit   .   Y - +0 helmet of the Stallion {rElec Int+2 Stlth-} (curse)
rElec    +         Reflect  .   v - +2 cloak {MR+}
rCorr    .         Harm     .   I - +2 pair of gloves
MR       +++++                  M - +2 pair of boots {Fly}
Stlth    +.........             p - amulet of Suicw {Gourm rF+ rN+ MR++}
HPRegen  0.38/turn              q - ring of Qiepsepy {rF+ SInv}
MPRegen  0.39/turn              b - ring "Lonwal" {rPois rF+ rN+ EV+3 Dex+4}

@: flying, studying Shields
A: repulsion field 1, yellow scales 1, electricity resistance, subdued magic 1
0: Orb of Zot
}: 3/15 runes: barnacled, slimy, gossamer
a: Renounce Religion, Stop Flying


You escaped.
You worshipped Vehumet.
Vehumet was exalted by your worship.
You were not hungry.

You visited 10 branches of the dungeon, and saw 51 of its levels.
You also visited: Ice Cave.

You collected 5002 gold pieces.
You spent 4476 gold pieces at shops.

Inventory:

Hand Weapons
 N - the +8 mithril axe "Arga" {speed, MR+}
   (You found it on level 9 of the Dungeon)

   Attacks with this weapon are significantly faster.
   It affects your resistance to hostile enchantments.
Missiles
 Z - 8 throwing nets (quivered)
Armour
 a - a +2 shield of cold resistance (worn)
 v - a +2 cloak of magic resistance (worn)
 I - a +2 pair of gloves (worn)
 M - a +2 pair of boots of flying (worn)
 T - +5 steam dragon scales (worn)
 Y - the cursed +0 helmet of the Stallion (worn) {rElec Int+2 Stlth-}
   (You bought it in a shop on level 2 of the Orcish Mines)

   It affects your intelligence (+2).
   It insulates you from electricity.
   It makes you less stealthy.
   It has a curse placed upon it.
Magical Staves
 e - an uncursed staff of power (weapon)
 F - an uncursed staff of conjuration
 O - an uncursed staff of fire
Jewellery
 b - the ring "Lonwal" (right hand) {rPois rF+ rN+ EV+3 Dex+4}
   (You found it on level 5 of the Pits of Slime)

   [ring of evasion]

   It affects your evasion (+3).
   It affects your dexterity (+4).
   It protects you from fire.
   It protects you from poison.
   It protects you from negative energy.
 d - the ring "Gainos" {rPois rF+ rC+ MP+9 Int-4}
   (You found it on level 1 of the Shoals)

   [ring of magical power]

   It affects your intelligence (-4).
   It protects you from fire.
   It protects you from cold.
   It protects you from poison.
   It affects your magic capacity (+9).
 p - the amulet of Suicw (around neck) {Gourm rF+ rN+ MR++}
   (You bought it in a shop on level 2 of the Depths)

   [amulet of the gourmand]

   It allows you to eat raw meat even when not hungry.
   It protects you from fire.
   It protects you from negative energy.
   It affects your resistance to hostile enchantments.
 q - the ring of Qiepsepy (left hand) {rF+ SInv}
   (You bought it in a shop on level 2 of the Depths)

   [ring of see invisible]

   It protects you from fire.
   It lets you see invisible.
Wands
 r - a wand of acid (0/15)
 H - a wand of enslavement (14/24)
 J - a wand of digging (15/24)
 R - a wand of digging (0/24)
 X - a wand of iceblast (4/15)
Scrolls
 f - 9 scrolls of teleportation
 l - 19 scrolls of remove curse
 m - 5 scrolls of fog
 o - 4 scrolls of recharging
 y - 5 scrolls of magic mapping
 E - 14 scrolls of identify
 G - 5 scrolls of amnesia
 L - a scroll of holy word
 P - a scroll of silence
 U - 3 scrolls of blinking
Potions
 h - 5 potions of brilliance
 j - 8 potions of might
 k - a potion of magic
 n - 9 potions of curing
 s - 5 potions of resistance
 t - 10 potions of mutation
 u - 10 potions of lignification
 x - 2 potions of cancellation
 A - 4 potions of agility
 K - 5 potions of berserk rage
 Q - 4 potions of flight
 S - 2 potions of heal wounds
Books
 w - Roxanne's Guide on Stones
   (You took it off Roxanne on level 2 of the Shoals)

   Spells                             Type                      Level
   a - Sandblast                      Earth                        1
   b - Passwall                       Transmutation/Earth          2
   c - Leda's Liquefaction            Hexes/Earth                  4
   d - Iron Shot                      Conjuration/Earth            6
   e - Statue Form                    Transmutation/Earth          6
 z - a manual of Shields
Miscellaneous
 V - a fan of gales
Comestibles
 c - 33 bread rations
 i - 17 meat rations


   Skills:
 + Level 17.1 Fighting
 - Level 11.0 Armour
 O Level 27 Dodging
 - Level 2.4 Stealth
 - Level 17.0 Shields
 - Level 21.0 Spellcasting
 - Level 16.1 Conjurations
 - Level 11.2 Charms
 - Level 6.1 Summonings
 - Level 18.8 Fire Magic
   Level 4.0 Ice Magic
 - Level 4.0 Air Magic
 - Level 8.4 Poison Magic


You had 14 spell levels left.
You knew the following spells:

 Your Spells              Type           Power        Failure   Level  Hunger
a - Flame Tongue          Conj/Fire      #####        0%          1    None
b - Iskenderun's Battles  Conj/Chrm      #######.     1%          5    None
c - Sticky Flame          Conj/Fire      #######.     0%          4    None
d - Fireball              Conj/Fire      #######...   0%          5    None
e - Ignition              Fire           #######...   1%          8    ####...
f - Poison Arrow          Conj/Pois      #######...   1%          6    None
g - Summon Lightning Spi  Summ/Air       ######..     1%          4    None
h - Orb of Destruction    Conj           #######...   1%          7    None
i - Summon Butterflies    Summ           ######..     1%          1    None
j - Blink                 Tloc           N/A          1%          2    None
k - Deflect Missiles      Chrm/Air       ######....   4%          6    None
l - Passwall              Tmut/Erth      ####......   1%          2    None
m - Regeneration          Chrm/Necr      ######....   1%          3    None


Dungeon Overview and Level Annotations

Branches:
Dungeon (15/15)            Temple (1/1) D:5            Lair (6/6) D:11
 Shoals (4/4) Lair:2       Spider (4/4) Lair:3        Slime (5/5) Lair:6
    Orc (2/2) D:12            Elf (0/3) Orc:2        Vaults (4/5) D:14
  Crypt (0/3) Vaults:3     Depths (5/5) D:15            Zot (5/5) Depths:5

Altars:
Ashenzari
Cheibriados
Dithmenos
Elyvilon
Fedhas
Gozag
Hepliaklqana
Kikubaaqudgha
Makhleb
Nemelex Xobeh
Okawaru
Qazlal
Ru
Sif Muna
Trog
Uskayaw
Vehumet
Wu Jian
Xom
Yredelemnul
Zin
The Shining One
Beogh
Jiyva

Shops:
D:6 :   D:7 !   D:15 :   Orc:2 *?[:[?}%   Shoals:1 (   Shoals:3 (   Vaults:1 =
Vaults:4 *   Depths:2 }(=}

Portals:
Hell: Depths:1 Depths:2 Depths:3 Depths:4 Depths:5
Abyss: Depths:4
Pandemonium: Orc:2 Depths:1 Depths:3
Ziggurat: Depths:2

Annotations:
Zot:1 2 transporters, exclusion: obsidian statue


Innate Abilities, Weirdness & Mutations

You are surrounded by a mild repulsion field. (EV +2)
You are partially covered in yellow scales. (AC +2)
You are resistant to electric shocks. (rElec)
Your spells are a little easier to cast, but a little less powerful.


Message History

You fly upwards.
There is a stone staircase leading down here.
There is a stone staircase leading up here.
You fly upwards.
There is a stone staircase leading down here.
There is an open door here.
There is a stone staircase leading up here.
You fly upwards.
There is a stone staircase leading down here.
Casting: Poison Arrow
Confirm with . or Enter, or press ? or * to list all spells.
Aiming: Poison Arrow
Press: ? - help, Shift-Dir - straight line, f - centaur
Aim: a centaur (hasn't noticed you)
The poison arrow hits the centaur.
The centaur looks as sick as possible!
You kill the centaur!
Vehumet accepts your kill.
You feel your power returning.
There is a staircase leading out of the dungeon here.
You have escaped!

###...############# #..#....###..
#.....#P.P....PP### #..##........
#.##..##PP.P...##.###..##.#.###.#
#.....###.....###.........#.# #.#
..##..###########.........#.# #.#
#####...# #.###..>..........###.#
#.#.###.................#....
#.#................##.#......
#...##..##>#@#..##.##.#...###
##......######.....##.#......
#..##.## ##.##.##.#...### ##..###
###..##.#.#.## #.##.##
##รท##.##.#.#..#
#.....######..........#..## #
#.##..#>#>##..##.##.#....## #
#................##.#..#.#P #
####......................#.##


There were no monsters in sight!

Vanquished Creatures
  the Royal Jelly (Slime:5)
  Dissolution (Slime:2)
  2 ancient liches (Zot:5)
  5 orbs of fire
  Sojobo (Vaults:2)
  3 curse toes
  Xtahua (Depths:3)
  7 Killer Klowns
  9 golden dragons
  2 bone dragons
  Arachne (Spider:2)
  8 liches
  2 Brimstone Fiends (Zot:2)
  6 electric golems
  17 tentacled monstrosities
  Rupert (Orc:2)
  A titan (Depths:3)
  30 Orb Guardians
  8 quicksilver dragons
  28 acid blobs
  8 death cobs
  Frances (D:13)
  A sphinx (Depths:5)
  Donald (Vaults:2)
  Ilsuiw (Shoals:4)
  6 shadow dragons
  6 tengu reavers
  7 storm dragons
  A fire giant (Depths:3)
  5 draconian monks
  Roxanne (Shoals:2)
  The ghost of Kias the Unseen, an adept SpEn of Dithmenos (IceCv)
  8 draconian knights
  12 azure jellies
  4 frost giants
  12 ghost moths
  7 emperor scorpions
  3 draconian scorchers
  6 vault wardens
  The ghost of Ordine the Bludgeoner, an adept GrFi of Okawaru (D:15)
  4 draconian shifters
  6 draconian stormcallers
  9 ironheart preservers
  7 draconian annihilators
  17 very ugly things
  A juggernaut skeleton (Depths:2)
  5 entropy weavers
  16 green draconians
  16 stone giants
  Nessos (Lair:6)
  A caustic shrike skeleton (Depths:2)
  A deep elf annihilator (Depths:2)
  3 vampire knights
  15 red draconians
  8 black draconians
  8 white draconians
  13 purple draconians
  10 yellow draconians
  14 spark wasps
  A crystal guardian (Vaults:2)
  3 merfolk javelineers (Shoals:4)
  10 ettins
  14 fire dragons
  A deep elf high priest (Depths:5)
  11 merfolk impalers
  15 death oozes
  12 ogre magi
  9 yaktaur captains
  8 great orbs of eyes
  A monstrous demonspawn (Zot:5)
  4 rakshasas
  9 ice dragons
  9 hydras
  9 vault guards
  An ice dragon (shapeshifter) (Vaults:1)
  A spriggan air mage (Depths:3)
  3 catoblepae
  A merfolk avatar (Shoals:2)
  5 merfolk aquamancers
  12 centaur warriors
  3 satyrs
  A death knight (Vaults:4)
  2 alligator snapping turtles (Shoals:4)
  43 two-headed ogres
  3 death yaks (Lair:6)
  3 deep troll earth magi
  2 titan zombies
  A queen ant (Lair:2)
  3 spriggan berserkers (Depths:3)
  Urug (D:13)
  7 orc high priests (Orc:2)
  2 vampire magi
  2 deep troll shamans
  5 tengu warriors
  5 soul eaters
  The ghost of GordonOverkill the Destroyer, a novice OpFE of Vehumet (D:6)
  3 sun demons
  2 titan skeletons (Depths:2)
  7 deep elf knights
  6 skeletal warriors
  2 shadow wraiths
  2 golden dragon zombies
  10 deep trolls
  3 unseen horrors
  23 sea snakes
  9 glowing orange brains
  A flayed ghost (Vaults:1)
  An infernal demonspawn (Orc:2)
  13 ironbrand convokers
  21 orc knights
  A golden dragon skeleton (Depths:2)
  6 deep elf archers
  4 wizards
  4 phantasmal warriors
  37 harpies
  2 sphinx zombies
  18 orb spiders
  9 shining eyes
  5 necromancers
  41 wolf spiders
  10 orc sorcerers
  2 oklob plants
  An orb spider (shapeshifter) (D:15)
  8 deep elf magi
  37 ugly things
  3 cyclopes
  16 manticores
  8 fauns
  A sphinx skeleton (Depths:2)
  41 moths of wrath
  A rust devil (Zot:2)
  An elf zombie (Depths:2)
  13 elephants
  A fire giant skeleton (Vaults:3)
  11 merfolk sirens
  13 vault sentinels
  An elephant (shapeshifter) (Vaults:4)
  A stone giant skeleton (Depths:1)
  2 guardian serpents (D:14)
  9 water nymphs
  An ice statue (IceCv)
  A guardian serpent (shapeshifter) (Depths:5)
  4 black mambas
  A black mamba (shapeshifter) (Depths:1)
  Joseph (D:9)
  4 eyes of devastation
  Psyche (D:8)
  3 rime drakes
  12 spiny frogs
  11 freezing wraiths
  6 komodo dragons
  2 kobold demonologists (D:14)
  A tormentor (Zot:5)
  A spriggan zombie (Depths:1)
  3 human zombies
  A yaktaur (shapeshifter) (Vaults:2)
  2 efreet
  45 yaktaurs
  5 ice devils
  A hellwing (Zot:1)
  2 yaktaur skeletons
  4 tengu conjurers
  2 queen bees
  22 demonic crawlers
  2 red devils
  8 trolls
  30 merfolk
  32 jumping spiders
  Grinder (D:6)
  12 hornets
  20 polar bears
  A jumping spider (shapeshifter) (Vaults:2)
  9 meliai
  56 slime creatures
  4 tyrant leeches
  7 wind drakes
  28 blink frogs
  An ettin zombie (Vaults:3)
  13 hippogriffs
  11 snapping turtles
  A centaur simulacrum (D:12)
  6 dream sheep
  2 frost giant simulacra
  A hippogriff (shapeshifter) (Depths:3)
  3 shadows
  5 wraiths
  3 elf skeletons (Depths:2)
  Sigmund (D:4)
  22 tarantellas
  24 water elementals
  5 air elementals
  90 redbacks
  47 yaks
  An ettin skeleton (Vaults:1)
  2 wyverns
  A spriggan (shapeshifter) (D:15)
  2 basilisks
  16 golden eyes
  A human (shapeshifter) (Vaults:4)
  2 vampires
  A wyvern (shapeshifter) (Vaults:3)
  7 hungry ghosts
  Menkaure (D:5)
  8 wargs
  7 soldier ants (Lair:2)
  3 acid dragons
  12 water moccasins
  6 porcupines
  2 floating eyes (Slime:5)
  A water moccasin (shapeshifter) (Vaults:2)
  Purgy (D:4)
  A swamp drake (shapeshifter) (D:15)
  6 sky beasts
  2 hornet zombies
  A black bear (Lair:2)
  An ice dragon simulacrum (Depths:1)
  5 ice beasts
  50 orc warriors
  An ettin simulacrum (Depths:1)
  41 ogres
  4 phantoms
  4 eyes of draining
  50 wolves
  2 necrophages
  17 boggarts
  18 centaurs
  13 crocodiles
  A big kobold (shapeshifter) (Vaults:1)
  7 big kobolds
  26 bullfrogs
  An elf simulacrum (Vaults:1)
  4 earth elementals
  A wyvern zombie (D:11)
  6 scorpions
  45 killer bees
  An orc simulacrum (Vaults:1)
  13 wights
  2 howler monkeys
  4 electric eels
  9 crimson imps
  A human simulacrum (Vaults:1)
  7 centaur zombies
  7 centaur skeletons
  A bullfrog zombie (D:12)
  10 hounds
  29 orc priests
  20 jellies
  3 bullfrog skeletons
  2 quasits
  An iron imp (Depths:3)
  26 orc wizards
  Jessica (D:3)
  5 iguanas
  31 worker ants
  A killer bee zombie (D:6)
  A hound zombie (D:12)
  3 hound skeletons
  A howler monkey zombie (D:5)
  2 worker ant zombies
  A howler monkey skeleton (D:4)
  17 adders
  10 shadow imps
  A white imp (Zot:3)
  An ufetubus (Depths:1)
  2 oozes (Depths:1)
  An adder zombie (D:8)
  4 adder skeletons
  4 worms
  A dart slug (D:3)
  10 leopard geckos
  An orc (shapeshifter) (D:15)
  137 orcs
  A ball python (D:1)
  4 bats
  9 giant cockroaches
  6 hobgoblins
  6 jackals
  5 quokkas
  6 frilled lizards
  7 goblins
  A jackal skeleton (D:8)
  29 kobolds
  16 rats
  3 bushes (Shoals:3)
  A fire vortex (Depths:2)
  3 fungi
  2 pillars of salt (Vaults:3)
  23 plants
2469 creatures vanquished.

Vanquished Creatures (collateral kills)
  A draconian monk (Zot:1)
  A caustic shrike skeleton (Depths:2)
  A spriggan air mage (Depths:5)
  A sphinx zombie (Depths:2)
  A golden dragon skeleton (Depths:2)
  A tengu zombie (Depths:2)
  An elf zombie (Depths:2)
  2 elf skeletons (Depths:2)
  A red devil (Orc:2)
10 creatures vanquished.

Vanquished Creatures (others)
  2 moths of wrath (Zot:5)
  A bush (Shoals:3)
  8 fungi
  8 pillars of salt (Vaults:3)
  68 plants
87 creatures vanquished.

Grand Total: 2566 creatures vanquished

Notes
Turn   | Place    | Note
-------+----------+-------------------------------------------
     0 | D:1      | GordonOverkill the Deep Elf Fire Elementalist began the quest for the Orb.
     0 | D:1      | Reached XP level 1. HP: 10/10 MP: 6/6
   309 | D:1      | Reached XP level 2. HP: 15/15 MP: 6/8
  1277 | D:1      | Reached XP level 3. HP: 19/19 MP: 6/10
  1295 | D:1      | Noticed a centaur
  1338 | D:1      | Learned a level 3 spell: Conjure Flame
  1904 | D:2      | Found an iron altar of Okawaru.
  2472 | D:2      | Reached XP level 4. HP: 24/24 MP: 10/12
  2657 | D:2      | Learned a level 4 spell: Sticky Flame
  2878 | D:3      | Noticed Jessica
  2881 | D:3      | Killed Jessica
  3274 | D:3      | Reached XP level 5. HP: 22/28 MP: 2/13
  3721 | D:3      | Found a faded altar of an unknown god.
  3896 | D:3      | Found a shimmering altar of Xom.
  4228 | D:3      | Found a snail-covered altar of Cheibriados.
  4369 | D:3      | Found a hide-covered altar of Uskayaw.
  4504 | D:4      | Noticed Sigmund
  4847 | D:4      | Found a basalt altar of Yredelemnul.
  4890 | D:4      | Found a blossoming altar of Fedhas.
  5105 | D:4      | Reached skill level 5 in Spellcasting
  5214 | D:4      | Learned a level 5 spell: Fireball
  5312 | D:4      | Reached XP level 6. HP: 25/32 MP: 11/15
  5465 | D:4      | Killed Sigmund
  5465 | D:4      | Reached skill level 5 in Conjurations
  5465 | D:4      | Reached skill level 5 in Fire Magic
  5660 | D:4      | Noticed Purgy
  5662 | D:4      | Killed Purgy
  5662 | D:4      | Reached XP level 7. HP: 36/36 MP: 9/17
  6094 | D:5      | Entered Level 5 of the Dungeon
  6117 | D:5      | Found an ancient bone altar of Kikubaaqudgha.
  6290 | D:5      | Noticed Menkaure
  6297 | D:5      | Killed Menkaure
  6709 | D:5      | Found a staircase to the Ecumenical Temple.
  6719 | Temple   | Entered the Ecumenical Temple
  6925 | Temple   | Became a worshipper of Vehumet
  7010 | D:5      | Found a white marble altar of Elyvilon.
  7025 | D:5      | Found a hazy altar of Hepliaklqana.
  7058 | D:5      | Found an opulent altar of Gozag.
  7060 | D:5      | Found an opulent altar of Gozag.
  7274 | D:6      | Found a white marble altar of Elyvilon.
  7404 | D:6      | Reached XP level 8. HP: 41/41 MP: 15/20
  7645 | D:6      | Found Zekhurr's Book Shoppe.
  7782 | D:6      | Noticed GordonOverkill's ghost (novice OpFE)
  8192 | D:6      | Killed GordonOverkill's ghost
  8295 | D:6      | Noticed Grinder
  8302 | D:6      | Killed Grinder
  8302 | D:6      | Reached XP level 9. HP: 30/45 MP: 1/23
  8807 | D:7      | Found a stormy altar of Qazlal.
  8990 | D:7      | Reached * piety under Vehumet
  8990 | D:7      | Offered knowledge of Magic Dart by Vehumet.
  9668 | D:7      | Found Joij's Distillery.
  9672 | D:7      | Reached skill level 10 in Conjurations
  9683 | D:7      | Bought 2 potions of heal wounds for 150 gold pieces
 10613 | D:8      | Noticed a queen bee
 10624 | D:8      | Killed a queen bee
 10777 | D:8      | Reached XP level 10. HP: 43/50 MP: 11/25
 10901 | D:8      | Reached skill level 10 in Spellcasting
 11069 | D:8      | Noticed Psyche
 11080 | D:8      | Killed Psyche
 11425 | D:8      | Noticed a two-headed ogre
 11439 | D:8      | Killed a two-headed ogre
 11439 | D:8      | Reached skill level 1 in Fighting
 11439 | D:8      | Reached skill level 3 in Dodging
 11692 | D:8      | Found a bloodstained altar of Trog.
 11692 | D:8      | Found a glowing silver altar of Zin.
 12142 | D:8      | Noticed a two-headed ogre
 12147 | D:8      | Killed a two-headed ogre
 12321 | D:9      | Offered knowledge of Sandblast by Vehumet.
 12333 | D:9      | Reached skill level 4 in Dodging
 12339 | D:9      | Reached ** piety under Vehumet
 12556 | D:9      | Noticed a two-headed ogre
 12564 | D:9      | Killed a two-headed ogre
 12838 | D:9      | Reached XP level 11. HP: 50/59 MP: 6/28
 13045 | D:9      | Noticed Joseph
 13071 | D:9      | Killed Joseph
 13371 | D:9      | Noticed a seven-headed hydra
 13475 | D:9      | Found a basalt altar of Yredelemnul.
 13702 | D:9      | Offered knowledge of Searing Ray by Vehumet.
 13736 | D:9      | Reached skill level 5 in Dodging
 14242 | D:9      | HP: 3/60 [seven-headed hydra (3)]
 14609 | D:9      | Killed a seven-headed hydra
 14776 | D:9      | Got a jewelled cloak
 14790 | D:9      | Identified the +0 cloak of the Jackalope {Str+3 Dex+3 SInv} (You found it on level 9 of the Dungeon)
 14901 | D:9      | Reached skill level 10 in Fire Magic
 14994 | D:10     | Entered Level 10 of the Dungeon
 15164 | D:10     | Reached *** piety under Vehumet
 15533 | D:10     | Reached skill level 6 in Dodging
 15931 | D:10     | Offered knowledge of Ignite Poison by Vehumet.
 16948 | D:11     | Reached **** piety under Vehumet
 16953 | D:11     | Noticed a brown ugly thing
 16998 | D:11     | Offered knowledge of Iskenderun's Battlesphere by Vehumet.
 17007 | D:11     | Learned a level 5 spell: Iskenderun's Battlesphere
 17238 | D:11     | Killed a brown ugly thing
 17238 | D:11     | Reached skill level 1 in Charms
 17307 | D:11     | Reached XP level 12. HP: 67/67 MP: 29/29
 17566 | D:11     | Found a staircase to the Lair.
 17636 | D:11     | Reached skill level 5 in Fighting
 17638 | D:11     | Reached skill level 7 in Dodging
 18343 | D:12     | Found a frozen archway.
 18352 | IceCv    | Entered an ice cave
 18631 | IceCv    | Reached ***** piety under Vehumet
 18679 | IceCv    | Offered knowledge of Poison Arrow by Vehumet.
 18687 | IceCv    | Learned a level 6 spell: Poison Arrow
 19112 | IceCv    | Reached skill level 1 in Poison Magic
 19214 | IceCv    | Noticed a frost giant
 19228 | IceCv    | Reached skill level 5 in Charms
 19247 | IceCv    | Killed a frost giant
 19247 | IceCv    | Reached skill level 8 in Dodging
 19414 | IceCv    | Noticed Kias's ghost (adept SpEn)
 19433 | IceCv    | Killed Kias's ghost
 19670 | IceCv    | Got a warped glaive
 19676 | IceCv    | Identified the +9 glaive "Wampiom" {venom, rPois Str+3} (You found it in an ice cave)
 20008 | D:12     | Reached XP level 13. HP: 69/76 MP: 24/30
 20407 | D:12     | Found a staircase to the Orcish Mines.
 20735 | D:12     | Reached skill level 1 in Shields
 21168 | Lair:1   | Entered Level 1 of the Lair of Beasts
 21546 | Lair:1   | Found a shimmering altar of Xom.
 21818 | Lair:1   | Found a deep blue altar of Sif Muna.
 23282 | Lair:2   | Found a staircase to the Shoals.
 23508 | Lair:3   | Offered knowledge of Force Lance by Vehumet.
 23633 | Lair:3   | Reached skill level 5 in Poison Magic
 24407 | Lair:3   | Found a hole to the Spider Nest.
 24409 | Lair:3   | Reached skill level 5 in Shields
 25245 | Lair:4   | Upgraded the game from 0.21-a0-92-g7bf63f6 to 0.21-a0-94-gdd6ab6a
 25960 | Lair:4   | Reached XP level 14. HP: 84/84 MP: 24/31
 27473 | Lair:6   | Entered Level 6 of the Lair of Beasts
 27821 | Lair:6   | Found a runed door.
 27821 | Lair:6   | Found a viscous altar of Jiyva.
 27868 | Lair:6   | Got a transparent rapier
 27869 | Lair:6   | Identified the +7 rapier "Yluimatur" {flame, *Rage Str+7} (You found it on level 6 of the Lair of Beasts)
 27900 | Lair:6   | Noticed Nessos
 28026 | Lair:6   | Killed Nessos
 28029 | Lair:6   | Reached skill level 15 in Conjurations
 28104 | Lair:6   | Offered knowledge of Conjure Ball Lightning by Vehumet.
 28491 | Lair:6   | Learned a level 4 spell: Summon Lightning Spire
 28739 | Lair:6   | Reached skill level 10 in Charms
 29109 | Lair:6   | Found a staircase to the Slime Pits.
 29109 | Lair:6   | Noticed an azure jelly
 30085 | Orc:1    | Entered Level 1 of the Orcish Mines
 30421 | Orc:1    | Found a roughly hewn altar of Beogh.
 30769 | Orc:1    | Offered knowledge of Iron Shot by Vehumet.
 30936 | Orc:2    | Entered Level 2 of the Orcish Mines
 30999 | Orc:2    | Found Zawkic's Magic Scroll Emporium.
 31006 | Orc:2    | Bought a scroll of fog for 30 gold pieces
 31011 | Orc:2    | Bought a scroll of identify for 30 gold pieces
 31022 | Orc:2    | Reached XP level 15. HP: 90/90 MP: 32/32
 31463 | Orc:2    | Found Unicius's Gadget Shoppe.
 31926 | Orc:2    | Reached ****** piety under Vehumet
 32007 | Orc:2    | Found Tilamoca's Food Boutique.
 32087 | Orc:2    | Found Bommorog's Antique Armour Boutique.
 32095 | Orc:2    | Bought a polished helmet for 304 gold pieces
 32105 | Orc:2    | Identified the cursed +0 helmet of the Stallion {rElec Int+2 Stlth-} (You bought it in a shop on level 2 of the Orcish Mines)
 32141 | Orc:2    | Noticed Rupert
 32144 | Orc:2    | Killed Rupert
 32175 | Orc:2    | Found a roughly hewn altar of Beogh.
 32208 | Orc:2    | Found a staircase to the Elven Halls.
 32420 | Orc:2    | Found Liroriax's General Store.
 32427 | Orc:2    | Found Moawkeod's Magic Scroll Emporium.
 32924 | Orc:2    | Bought a scroll of fear for 45 gold pieces
 32926 | Orc:2    | Bought a scroll of enchant armour for 90 gold pieces
 32926 | Orc:2    | Bought a scroll of fear for 42 gold pieces
 33331 | Orc:2    | Offered knowledge of Bolt of Cold by Vehumet.
 33339 | Orc:2    | Learned a level 6 spell: Bolt of Cold
 33508 | Orc:2    | Reached skill level 1 in Summonings
 33640 | Orc:2    | Reached skill level 1 in Ice Magic
 33977 | Orc:2    | Found Jititirch's Antique Armour Boutique.
 33977 | Orc:2    | Found a one-way gate leading to the halls of Pandemonium.
 33977 | Orc:2    | Found Wewub's Book Shop.
 33983 | Orc:2    | Bought a glowing cloak for 187 gold pieces
 33983 | Orc:2    | Bought a glowing cloak for 187 gold pieces
 34289 | D:13     | Noticed Frances
 34501 | D:13     | Killed Frances
 34612 | D:13     | Noticed Urug
 34618 | D:13     | Killed Urug
 35529 | D:14     | Found a gate to the Vaults.
 35916 | D:14     | Learned a level 1 spell: Summon Butterflies
 37091 | D:14     | Reached skill level 10 in Fighting
 37460 | D:14     | Reached XP level 16. HP: 97/97 MP: 33/33
 37653 | D:6      | Bought a book of Spatial Translocations for 910 gold pieces
 37656 | D:6      | Learned a level 2 spell: Blink
 37848 | D:15     | Entered Level 15 of the Dungeon
 38008 | D:15     | Offered knowledge of Orb of Destruction by Vehumet.
 38212 | Orc:2    | Bought a scroll of amnesia for 42 gold pieces
 38221 | Orc:2    | Learned a level 7 spell: Orb of Destruction
 38398 | D:15     | Found a shadowy altar of Dithmenos.
 38405 | D:15     | Reached skill level 10 in Shields
 38439 | D:15     | Found a blossoming altar of Fedhas.
 38476 | D:15     | Identified the Incunabulum of Dark Rites
 38796 | D:15     | Found Doush's Book Shop.
 38801 | D:15     | Noticed Ordine's ghost (adept GrFi)
 38960 | D:15     | Reached skill level 1 in Air Magic
 39721 | D:15     | Found a staircase to the Depths.
 39833 | D:15     | Killed Ordine's ghost
 39833 | D:15     | Reached skill level 5 in Summonings
 40257 | Spider:1 | Entered Level 1 of the Spider Nest
 41285 | Spider:1 | Offered knowledge of Ozocubu's Refrigeration by Vehumet.
 43076 | Spider:2 | Noticed Arachne
 43083 | Spider:2 | Killed Arachne
 43649 | Spider:2 | Offered knowledge of Glaciate by Vehumet.
 43649 | Spider:2 | Offered knowledge of Chain Lightning by Vehumet.
 43649 | Spider:2 | Offered knowledge of Ignition by Vehumet.
 44286 | Spider:2 | Reached XP level 17. HP: 104/104 MP: 23/35
 46479 | Spider:4 | Entered Level 4 of the Spider Nest
 51034 | Spider:4 | Got a gossamer rune of Zot
 51525 | Orc:2    | Bought a scroll of amnesia for 52 gold pieces
 51535 | Orc:2    | Learned a level 8 spell: Ignition
 51587 | D:11     | Reached XP level 18. HP: 112/112 MP: 38/38
 51680 | Shoals:1 | Entered Level 1 of the Shoals
 51861 | Shoals:1 | Found Juapan's Antique Weapon Boutique.
 52473 | Shoals:1 | Got a transparent long sword
 52474 | Shoals:1 | Identified the +5 long sword of Distant Worlds {holy, *Drain Dex+2 SInv Stlth+} (You found it on level 1 of the Shoals)
 52540 | Shoals:1 | Got a translucent ivory ring
 53432 | Shoals:1 | Identified the ring "Gainos" {rPois rF+ rC+ MP+9 Int-4} (You found it on level 1 of the Shoals)
 54101 | Shoals:2 | Got an iridescent spear {flame}
 54102 | Shoals:2 | Identified the +9 spear of Putrescence {flame, +Blink rElec} (You took it off a merfolk on level 2 of the Shoals)
 54477 | Shoals:2 | Noticed Roxanne
 54488 | Shoals:2 | Killed Roxanne
 54560 | Shoals:2 | Identified Roxanne's Guide on Stones (You took it off Roxanne on level 2 of the Shoals)
 55023 | Shoals:3 | Found Mesouleb's Weapon Shoppe.
 56242 | Shoals:4 | Entered Level 4 of the Shoals
 56738 | Shoals:4 | Noticed Ilsuiw
 57630 | Shoals:4 | Reached skill level 15 in Shields
 57637 | Shoals:4 | Killed Ilsuiw
 58105 | Shoals:4 | Got a barnacled rune of Zot
 58191 | Shoals:4 | Reached XP level 19. HP: 118/118 MP: 30/39
 58822 | Vaults:1 | Entered Level 1 of the Vaults
 59166 | Orc:2    | Bought shiny steam dragon scales for 1075 gold pieces
 60929 | Vaults:1 | Reached skill level 15 in Spellcasting
 61510 | Vaults:1 | Found Hocee's Jewellery Shoppe.
 62909 | Vaults:2 | Noticed Donald
 62914 | Vaults:2 | Killed Donald
 63153 | Vaults:2 | Learned a level 6 spell: Deflect Missiles
 63536 | Vaults:2 | Noticed Sojobo
 63913 | Vaults:2 | Reached XP level 20. HP: 124/124 MP: 30/43
 64329 | Vaults:2 | Killed Sojobo
 65052 | Vaults:2 | Learned a level 2 spell: Passwall
 65306 | Vaults:3 | Reached skill level 1 in Armour
 66679 | Vaults:3 | Reached skill level 5 in Armour
 66846 | Vaults:3 | Found a staircase to the Crypt.
 67817 | Vaults:4 | Found Bequyn's General Store.
 67825 | Vaults:4 | Bought a potion of brilliance for 68 gold pieces
 67825 | Vaults:4 | Bought a potion of curing for 51 gold pieces
 67825 | Vaults:4 | Bought a potion of invisibility for 136 gold pieces
 67825 | Vaults:4 | Bought a potion of mutation for 136 gold pieces
 69704 | Vaults:4 | Reached XP level 21. HP: 129/129 MP: 46/46
 70651 | Depths:1 | Entered Level 1 of the Depths
 70654 | Depths:1 | Reached skill level 10 in Armour
 72772 | Depths:1 | Learned a level 3 spell: Regeneration
 73737 | Depths:1 | Reached skill level 15 in Fighting
 74094 | Depths:1 | Found a gateway to Hell.
 74522 | Depths:2 | Found Byugesk's Gadget Shoppe.
 74524 | Depths:2 | Found Otubulep's Jewellery Boutique.
 74526 | Depths:2 | Found Bathuw's Gadget Shoppe.
 74766 | Depths:2 | Found a gateway to a ziggurat.
 74952 | Depths:2 | Found Xis Null's Weapon Shop.
 75069 | Depths:2 | Reached XP level 22. HP: 141/141 MP: 43/47
 76818 | Depths:2 | Bought the ring of Qiepsepy {rF+ SInv} for 319 gold pieces
 77697 | Depths:3 | Noticed Xtahua
 77710 | Depths:3 | Killed Xtahua
 79552 | Depths:4 | Reached skill level 9 in Dodging
 79651 | Depths:4 | Found a one-way gate to the infinite horrors of the Abyss.
 79652 | Depths:4 | Found a glowing golden altar of the Shining One.
 79833 | Depths:3 | Reached skill level 10 in Dodging
 80468 | Depths:4 | Noticed a golden dragon
 80481 | Depths:4 | Killed a golden dragon
 80912 | Depths:4 | Reached skill level 11 in Dodging
 80977 | Depths:5 | Entered Level 5 of the Depths
 81273 | Depths:4 | Reached skill level 12 in Dodging
 81762 | Depths:4 | Reached skill level 13 in Dodging
 81958 | Depths:5 | Reached XP level 23. HP: 147/147 MP: 50/50
 82624 | Depths:5 | Reached skill level 14 in Dodging
 82860 | Depths:5 | Found a gate to the Realm of Zot.
 83566 | Slime:1  | Entered Level 1 of the Pits of Slime
 83643 | Slime:1  | Gained mutation: You tend to lose your temper in combat. [a shining eye]
 83868 | Slime:1  | Lost mutation: You tend to lose your temper in combat. [potion of mutation]
 83868 | Slime:1  | Gained mutation: You possess an exceptional clarity of mind. [potion of mutation]
 83868 | Slime:1  | Gained mutation: You have sharp fingernails. [potion of mutation]
 83978 | Slime:2  | Noticed Dissolution
 83984 | Slime:2  | Killed Dissolution
 84138 | Slime:2  | Gained mutation: Armour fits poorly on your strangely shaped body. [a shining eye]
 84454 | Slime:3  | Gained mutation: You expend magic power (3 MP) to strengthen your wands. [a shining eye]
 84541 | Slime:3  | Gained mutation: You are frail. (-10% HP) [a shining eye]
 84770 | Slime:4  | Reached skill level 15 in Fire Magic
 85001 | Slime:5  | Entered Level 5 of the Pits of Slime
 85276 | Slime:5  | Noticed the Royal Jelly
 85745 | Slime:4  | Gained mutation: You are dopey. (Int -2) [a shining eye]
 85746 | Slime:4  | Gained mutation: You are weak. (Str -2) [a shining eye]
 85848 | Slime:5  | Paralysed by a floating eye for 3 turns
 86289 | Slime:5  | Gained mutation: Your magical capacity is low. (-10% MP) [a shining eye]
 86341 | Slime:5  | Lost mutation: You expend magic power (3 MP) to strengthen your wands. [potion of mutation]
 86341 | Slime:5  | Lost mutation: You are dopey. (Int -2) [potion of mutation]
 86341 | Slime:5  | Lost mutation: Your magical capacity is low. (-10% MP) [potion of mutation]
 86341 | Slime:5  | Lost mutation: You possess an exceptional clarity of mind. [potion of mutation]
 86341 | Slime:5  | Lost mutation: You are frail. (-10% HP) [potion of mutation]
 86341 | Slime:5  | Gained mutation: You are dopey. (Int -2) [potion of mutation]
 86341 | Slime:5  | Gained mutation: You have a pair of small horns on your head. [potion of mutation]
 86341 | Slime:5  | Gained mutation: You have large cloven feet. [potion of mutation]
 86407 | Slime:5  | Killed the Royal Jelly
 86585 | Slime:5  | Got a heavily jewelled robe
 86586 | Slime:5  | Identified the +1 robe of the Garden {Str+3} (You found it on level 5 of the Pits of Slime)
 86590 | Slime:5  | Identified the Papyrus of the Mountains and Bewitchment
 86594 | Slime:5  | Got a vibrating golden ring
 86595 | Slime:5  | Identified the cursed ring "Otenkude" {rF+ EV-2} (You found it on level 5 of the Pits of Slime)
 86624 | Slime:5  | Got a scorched pewter ring
 86625 | Slime:5  | Identified the ring "Kisenlag" {rC+ Int+3 Dex+5} (You found it on level 5 of the Pits of Slime)
 86646 | Slime:5  | Got a bound tin ring
 86647 | Slime:5  | Identified the ring "Lonwal" {rPois rF+ rN+ EV+3 Dex+4} (You found it on level 5 of the Pits of Slime)
 86652 | Slime:5  | Identified the Almanac of Dislocated Lightness
 86773 | Slime:5  | Got a slimy rune of Zot
 87063 | Slime:5  | Lost mutation: You have sharp fingernails. [potion of mutation]
 87063 | Slime:5  | Lost mutation: You are weak. (Str -2) [potion of mutation]
 87063 | Slime:5  | Lost mutation: You have a pair of small horns on your head. [potion of mutation]
 87063 | Slime:5  | Lost mutation: You are dopey. (Int -2) [potion of mutation]
 87063 | Slime:5  | Lost mutation: Armour fits poorly on your strangely shaped body. [potion of mutation]
 87063 | Slime:5  | Gained mutation: You are agile. (Dex +2) [potion of mutation]
 87063 | Slime:5  | Gained mutation: You have very sharp teeth. [potion of mutation]
 87450 | Depths:2 | Bought the amulet of Suicw {Gourm rF+ rN+ MR++} for 622 gold pieces
 87541 | Zot:1    | Entered Level 1 of the Realm of Zot
 87652 | Zot:1    | Noticed an orb of fire
 87654 | Zot:1    | Gained mutation: Scrolls take you a little longer to read. [an orb of fire]
 87658 | Zot:1    | Killed an orb of fire
 87659 | Zot:1    | Lost mutation: You have large cloven feet. [potion of mutation]
 87659 | Zot:1    | Lost mutation: You are agile. (Dex +2) [potion of mutation]
 87659 | Zot:1    | Lost mutation: You have very sharp teeth. [potion of mutation]
 87659 | Zot:1    | Lost mutation: Scrolls take you a little longer to read. [potion of mutation]
 87659 | Zot:1    | Gained mutation: You are resistant to hostile enchantments. (MR+) [potion of mutation]
 87659 | Zot:1    | Gained mutation: You are partially covered in yellow scales. (AC +2) [potion of mutation]
 87791 | Zot:1    | Found a transporter.
 87856 | Zot:1    | Found a transporter.
 87900 | Zot:1    | Reached XP level 24. HP: 100/151 MP: 10/50
 88766 | Depths:5 | Reached skill level 15 in Dodging
 89706 | Zot:2    | Reached skill level 16 in Dodging
 90271 | Zot:2    | Reached skill level 17 in Dodging
 90842 | Zot:2    | Identified a scroll of acquirement
 91239 | Zot:3    | Reached skill level 18 in Dodging
 92103 | Zot:3    | Reached skill level 19 in Dodging
 92902 | Zot:4    | Reached XP level 25. HP: 156/156 MP: 50/50
 93060 | Zot:4    | Reached skill level 20 in Dodging
 93557 | Zot:4    | Reached skill level 21 in Dodging
 96056 | Zot:5    | Entered Level 5 of the Realm of Zot
 96288 | Zot:5    | Reached skill level 22 in Dodging
 96830 | Zot:5    | Noticed an ancient lich
 96838 | Zot:5    | Killed an ancient lich
 96852 | Zot:5    | Noticed an ancient lich
 96889 | Zot:4    | Reached skill level 23 in Dodging
 97122 | Zot:5    | Noticed an orb of fire
 97131 | Zot:5    | Gained mutation: You are clumsy. (Dex -2) [an orb of fire]
 97132 | Zot:5    | Gained mutation: Your spells are a little easier to cast, but a little less powerful. [an orb of fire]
 98164 | Zot:5    | Reached skill level 24 in Dodging
 98450 | Zot:5    | Reached XP level 26. HP: 163/163 MP: 50/50
 98585 | Zot:5    | Noticed an orb of fire
 98587 | Zot:5    | Gained mutation: Scrolls take you a little longer to read. [an orb of fire]
 98590 | Zot:5    | Gained mutation: Your spells are easier to cast, but less powerful. [an orb of fire]
 98593 | Zot:5    | Killed an orb of fire
 98600 | Zot:5    | Killed an ancient lich
 98734 | Zot:5    | Lost mutation: Your spells are easier to cast, but less powerful. [potion of mutation]
 98734 | Zot:5    | Lost mutation: You are resistant to hostile enchantments. (MR+) [potion of mutation]
 98734 | Zot:5    | Lost mutation: Scrolls take you a little longer to read. [potion of mutation]
 98734 | Zot:5    | Lost mutation: You are clumsy. (Dex -2) [potion of mutation]
 98734 | Zot:5    | Lost mutation: Your spells are a little easier to cast, but a little less powerful. [potion of mutation]
 98734 | Zot:5    | Gained mutation: You are resistant to electric shocks. (rElec) [potion of mutation]
 98734 | Zot:5    | Gained mutation: You are surrounded by a mild repulsion field. (EV +2) [potion of mutation]
 98764 | Zot:5    | Reached skill level 25 in Dodging
 98975 | Zot:5    | Noticed an orb of fire
 98979 | Zot:5    | Gained mutation: Your spells are a little easier to cast, but a little less powerful. [an orb of fire]
 98982 | Zot:5    | Killed an orb of fire
 99230 | Zot:5    | Killed an orb of fire
 99686 | Zot:5    | Reached skill level 26 in Dodging
100611 | Zot:5    | Noticed an orb of fire
100614 | Zot:5    | Killed an orb of fire
100957 | Zot:5    | Reached skill level 27 in Dodging
101234 | Zot:5    | Got the Orb of Zot
102412 | D:12     | Noticed Mohexuk the pandemonium lord
102497 | D:7      | Reached XP level 27. HP: 171/171 MP: 42/50
102612 | D:$      | Escaped with the Orb!

Vault maps used:
D:1:      onia_arrival_handbag, serial_aquarium, aquarium_bridge_straight,
          aquarium_bridge_square, aquarium_window_1, aquarium_window_corridor_1,
          aquarium_window_fake, aquarium_window_fake, aquarium_view_2e,
          roderic_serpentine_path
D:2:      lemuel_round_altar
D:3:      nicolae_overflow_hidden_temple, eat_drink_and_be_merry_uskayaw,
          kennysheep_slug_shrine, chequers_ecumenical_altar_simple_redux,
          uniq_jessica
D:4:      overflow_temple_1_default, lemuel_doored_altar,
          lightli_corner_chamber, uniq_purgy, uniq_sigmund
D:5:      kennysheep_mini_moat, kennysheep_mini, kiku_gazebo_garden_becter,
          minmay_temple_entry_grid, basic_altar, first_bread,
          nicolae_gozag_cash_rules_everything_around_me, uniq_menkaure
D:6:      elyvilon_altar_5, serial_shops, shop, uniq_grinder
D:7:      overflow_temple_1_default, serial_shops, shop
D:8:      chequers_temple_overflow_statue_of_worship, david_nohive_1,
          kennysheep_generic_room_8, uniq_psyche
D:9:      minmay_the_grid_triangle_9x9_rhombus_thin_mashed, basic_altar,
          uniq_joseph
D:11:     erik_lair_island
D:12:     hiddenorc1_lemuel, portal_ice_cave_rime, hangedman_weighted_door
D:13:     uniq_urug, uniq_frances
D:14:     nrook_guardian_serpent_snake_passage, erik_vaults_2,
          grunt_decor_clamped
D:15:     gammafunk_enter_depths_forms, grunt_dithmenos_shadows, serial_shops,
          nicolae_shop_crystal, fedhas_altar_3
Temple:   jpeg_temple_island
Lair:1:   wad_woods_stonehenge, lemuel_oklob_altar, serial_bayou_shore_a
Lair:2:   minmay_shoals_entry_hut, minmay_another_anthill
Lair:3:   dpeg_oklob_gauntlet, nicolae_spider_entry_orb_guardian,
          grunt_forest_large_clearings
Lair:6:   grunt_lair_end_beastmaster, slime_altar_2, minivault_25, minivault_25,
          uniq_nessos
Shoals:1: serial_shops, shop_statue
Shoals:2: ldierk_geyser, nicolae_shoals_circle_sea_wall, uniq_roxanne
Shoals:3: serial_shops, shop, yaktaur_hedge
Shoals:4: shoals_end_simple, shoals_ilsuiw_ice
Spider:1: special_room
Spider:2: uniq_arachne
Spider:3: spider_trap
Spider:4: grunt_spider_rune_parallel, hangedman_stitches_earthworm
Slime:2:  uniq_dissolution
Orc:1:    mines1_david
Orc:2:    pf_orc_diabolical, serial_shops, nicolae_shop_trees, shop_statue,
          shop, nicolae_shop_statue_plus, bh_open_orc_temple, uniq_rupert
Vaults:1: vaults_dpeg_ring, ontoclasm_vaults_pinch,
          vaults_room_grunt_arrival_ludios, v_rooms_6, grunt_vaults_funnel,
          v_alt_pattern_3, nicolae_vaults_ninety_degrees,
          ontoclasm_vaults_shout, v_rooms_3, nicolae_vaults_theta,
          nicolae_vaults_windows_and_doors_thing, vaults_dpeg_encased_lava,
          nicolae_vaults_ring_of_whatevers, serial_shops, shop_fountains
Vaults:2: ontoclasm_vaults_bender, v_misc_10, hangedman_vaults_capsules,
          nicolae_vaults_little_ls, nicolae_vaults_rhombus_6,
          nicolae_vaults_alarming, nicolae_vaults_shelves_hall,
          nicolae_vaults_what_the_h, vaults_standard_mumra_enter_the_diamond,
          dpeg_vaults_monster_row, vaults_room_pool, uniq_donald, uniq_sojobo
Vaults:3: hangedman_vaults_impose, minmay_crypt_entry_nasty_monster, v_misc_11,
          nicolae_vaults_little_squares_6, vaults_mumra_chevron_long,
          vaults_room_corners, nicolae_vaults_display_case,
          portal_desolation_entry_garden
Vaults:4: hangedman_vaults_locks, vaults_room_pools, nicolae_vaults_rhombus_5,
          nicolae_vaults_network_square, hangedman_vaults_restitches,
          vaults_mumra_hex, serial_shops, nicolae_shop_statue_plus
Depths:1: kennysheep_blocky_room, rand_demon_pan_entry_4,
          hangedman_decor_peaks_small, pf_coc_iceberg, minmay_acid_items
Depths:2: lemuel_flame_loot_2, enter_ziggurat_c, hell_entry, serial_shops, shop,
          minmay_guarded_unrand_zonguldrok, minmay_staircase_windowed_large,
          basic_stair_grate_trap, serial_bayou_shore_b, minmay_shop_grove
Depths:3: minmay_crescents, nrook_pool_corridor, grunt_hell_entry_dis_grunt,
          pan_entry, uniq_xtahua
Depths:4: minmay_open_boxes_in_corner, hell_entry, abyss_entry, tso_metal_star,
          minmay_misc_feat_room, infiniplex_staircase_pool_2
Depths:5: evilmike_zot_entry_basic, minmay_misc_feat_tiny, hell_entry,
          grunt_ministairs_9, nicolae_sextant
Zot:1:    gammafunk_sealed_arena, grunt_megastairs_4
Zot:2:    grunt_megastairs_2
Zot:3:    st_stairs_3, grunt_megastairs_3, lemuel_elevator
Zot:5:    lemuel_baited_zot_trap
IceCv:    ice_cave_small_giant

Skill      XL: |  1  2  3  4  5  6  7  8  9 10 11 12 13 14 15 16 17 18 19 20 21 22 23 24 25 26 |
---------------+-------------------------------------------------------------------------------+-----
Conjurations   | 2 3 4 5 7 9 11 12 13 14 15 16 | 16.1
Spellcasting   | 4 5 6 8 9 11 12 14 17 19 21 | 21.0
Fire Magic     | 4 5 6 7 8 9 10 11 12 13 18 | 18.8
Fighting       | 2 4 7 8 9 10 11 12 13 15 16 17 | 17.1
Dodging        | 4 6 8 13 14 19 24 27 | 27.0
Charms         | 1 5 8 10 11 | 11.2
Poison Magic   | 2 5 7 8 |  8.4
Shields        | 5 8 9 11 13 15 17 | 17.0
Summonings     | 4 6 |  6.1
Ice Magic      | 4 |  4.0
Air Magic      | 4 |  4.0
Armour         | 9 11 | 11.0
Stealth        | |  2.4

Action                   |  1- 3 |  4- 6 |  7- 9 | 10-12 | 13-15 | 16-18 | 19-21 | 22-24 | 25-27 || total
-------------------------+-------+-------+-------+-------+-------+-------+-------+-------+-------++-------
Melee: Dagger            |       |     4 |       |       |       |       |       |       |       ||     4
       Short sword       |       |       |    14 |     8 |       |       |       |       |       ||    22
       Broad axe         |       |       |       |    40 |     2 |       |       |       |    76 ||   118
       Staff             |       |       |       |    21 |     1 |    15 |     4 |    11 |     4 ||    56
 Cast: Flame Tongue      |    77 |    66 |   113 |   337 |   579 |   358 |   196 |    44 |       ||  1770
       Conjure Flame     |     2 |       |       |    11 |       |       |       |       |       ||    13
       Sticky Flame      |       |    18 |    31 |    80 |    85 |   123 |    90 |    43 |     5 ||   475
       Fireball          |       |     2 |    33 |    96 |   175 |   252 |   155 |   142 |    13 ||   868
       Iskenderun's Batt |       |       |       |    32 |   190 |   192 |   150 |    52 |     5 ||   621
       Poison Arrow      |       |       |       |       |    76 |   156 |   315 |   204 |   183 ||   934
       Summon Lightning  |       |       |       |       |     4 |     2 |       |    16 |     3 ||    25
       Bolt of Cold      |       |       |       |       |     1 |       |       |       |       ||     1
       Orb of Destructio |       |       |       |       |       |   135 |    60 |   305 |   223 ||   723
       Blink             |       |       |       |       |       |     7 |     8 |    29 |    21 ||    65
       Ignition          |       |       |       |       |       |     7 |    74 |    88 |    53 ||   222
       Deflect Missiles  |       |       |       |       |       |       |     4 |     4 |     1 ||     9
       Summon Butterflie |       |       |       |       |       |       |       |     1 |       ||     1
Evoke: Wand              |       |       |       |       |     2 |     4 |     1 |     5 |    21 ||    33
  Use: Scroll            |       |     9 |     2 |    15 |    24 |    24 |    12 |    16 |     7 ||   109
       Potion            |       |       |     1 |     8 |     3 |    16 |     2 |     5 |    12 ||    47
 Stab: Sleeping          |       |     1 |       |     2 |       |       |       |       |       ||     3
       Distracted        |       |       |       |     1 |       |       |       |       |       ||     1
       Invisible         |       |       |       |       |       |       |       |       |     1 ||     1
  Eat: Chunk             |     5 |    11 |     9 |    51 |   101 |    91 |    71 |    61 |    36 ||   436
       Royal jelly       |       |     1 |     2 |     2 |       |    15 |     9 |     4 |       ||    33
       Meat ration       |       |       |     3 |       |       |       |       |     8 |     2 ||    13
       Fruit             |       |       |       |       |       |    20 |     7 |     6 |       ||    33
Armor: Robe              |     2 |     4 |    11 |    45 |    47 |   105 |     1 |       |       ||   215
       Steam dragon scal |       |       |       |       |       |       |    69 |    92 |    37 ||   198
       Acid dragon scale |       |       |       |       |       |       |       |    13 |       ||    13
Dodge: Dodged            |    16 |    16 |    40 |   173 |   114 |   284 |   156 |   212 |   383 ||  1394
       Deflected         |       |       |       |       |       |       |    30 |    35 |     4 ||    69
Block: Shield            |       |       |       |     5 |   100 |   345 |   194 |   217 |   246 ||  1107
